 Dungeon Crawl Stone Soup version 0.30.0-10-gfe55d96785 (webtiles) character file.

Game seed: 17589794533657826859

161 cowcol the Chopper (level 5, 0/47 HPs)
             Began as a Minotaur Fighter on May 14, 2023.
             Slain by a goblin
             ... wielding a +0 club
             ... led by Robin
              (2 damage)
             ... on level 3 of the Dungeon.
             The game lasted 00:05:46 (1990 turns).

cowcol the Chopper (Minotaur Fighter)               Turns: 1990, Time: 00:05:47

Health: 0/47       AC:  7    Str: 22    XL:     5   Next: 18%
Magic:  4/4        EV:  9    Int:  5    God:
Gold:   106        SH:  4    Dex: 10    Spells: 4/4 levels left

rFire   . . .        a - +0 war axe
rCold   . . .        c - +0 buckler
rNeg    . . .        b - +0 scale mail
rPois   .            (helmet restricted)
rElec   .            (no cloak)
rCorr   .            (no gloves)
SInv    .            (no boots)
Will    .....        (no amulet) Stlth
                     (no ring)
HPRegen 0.27/turn    (no ring)
MPRegen 0.09/turn

%: no passive effects
@: mighty
A: horns 2, retaliatory headbutt
a: no special abilities


You were on level 3 of the Dungeon.
You visited 1 branch of the dungeon, and saw 3 of its levels.

You collected 106 gold pieces.

Inventory:

Hand Weapons
 a - a +0 war axe (weapon)
Missiles
 m - 5 poisoned darts (quivered)
Armour
 b - a +0 scale mail (worn)
 c - a +0 buckler (worn)
Jewellery
 k - a ring of flight
Scrolls
 f - a scroll of immolation {unknown}
 g - a scroll of fear {unknown}
 h - a scroll of teleportation
 j - a scroll of amnesia {unknown}
 l - a scroll of blinking {unknown}
 n - a scroll of poison {unknown}
 o - 2 scrolls of identify {unknown}
 q - a scroll of vulnerability {unknown}
Potions
 e - a potion of curing {unknown}
 i - a potion of degeneration {unknown}
 p - a potion of ambrosia {unknown}


   Skills:
 + Level 4.6 Fighting
 + Level 4.7 Axes
 + Level 0.5 Throwing
 + Level 4.5 Armour
 + Level 4.1 Shields


You had 4 spell levels left.
You didn't know any spells.
Your spell library was empty.

Dungeon Overview and Level Annotations

Branches:
Dungeon (3/15)

Altars:
Cheibriados

Annotations:
D:3 Natasha, Robin


Innate Abilities, Weirdness & Mutations

You have a pair of horns on your head.
You reflexively headbutt those who attack you in melee.


Message History

The goblin attacks as you move away! The goblin hits you but does no damage.
The goblin hits you with a +0 club. Robin throws the goblin at you!
The goblin closely misses you. The goblin attacks as you move away!
You block the goblin's attack. The goblin barely misses you.
Items here: )) ††.
Robin throws the goblin at you!
The goblin unwields a +0 sling.
The goblin wields a +0 dagger.
The goblin hits you with a +0 dagger.
* * * LOW HITPOINT WARNING * * *
You feel very mighty all of a sudden.
The goblin no longer looks unusually strong. x2
Robin roars a battlecry!
The goblins go into a battle-frenzy!
The goblin hits you with a +0 club.
* * * LOW HITPOINT WARNING * * *
The goblin hits you but does no damage. x2
You hear a shout!
Natasha, Servant of Life and Death comes into view.
She is carrying a wand of flame (20).
You feel yourself speed up.
Natasha hisses angrily.
The goblin barely misses you.
Natasha zaps a wand.
The puff of flame hits you.
* * * LOW HITPOINT WARNING * * *
You block the goblin's attack.
The goblin no longer looks unusually strong.
The goblin hits you with a +0 dagger.
* * * LOW HITPOINT WARNING * * *
The goblin hits you but does no damage. Natasha casts a spell at you.
The magic dart hits you but does no damage.
The goblin attacks as you move away! The goblin hits you but does no damage.
The goblin attacks as you move away! You block the goblin's attack.
Natasha growls.
Natasha casts a spell.
Robin laughs in a distinctly smug fashion.
The cerulean imp attacks as you move away!
The cerulean imp hits you but does no damage.
Robin throws the goblin at you! You block the goblin's attack.
The cerulean imp hits you but does no damage.
The goblin attacks as you move away! The goblin hits you with a +0 club.
You die...

.......#....##..........#
####...#..........####+###
....#..#........[.# #....#
....#.....#.....#.###....#####
....#.......#####.......>....+
....#........# #####.......##
#<..#..#.##...#######....##.#
....#..#........g........<...+
....#..#####.#..@#############
...##..# #.##.gg...## ###....#
##.##g5.h..... #
#....####....g........ #
#..................... #
###...##....)g##...^.. .
.....#.....#.# ##.##.
.....###...#)### ... ......
+.......# #.


You could see Robin, Natasha, a cerulean imp (summoned) and 5 goblins.

Vanquished Creatures
  A jelly (D:3)
  An orc priest (D:2)
  Natasha (D:3)
  A gnoll (D:1)
  An adder (D:2)
  A dart slug (D:1)
  3 orcs (D:2)
  5 ball pythons
  3 bats (D:2)
  5 endoplasms
  2 giant cockroaches
  7 goblins
  2 hobgoblins
  A quokka (D:1)
  3 frilled lizards
  3 kobolds
  12 rats
52 creatures vanquished.

Notes
Turn   | Place    | Note
-------+----------+-------------------------------------------
     0 | D:1      | cowcol the Minotaur Fighter began the quest for the Orb.
     0 | D:1      | Reached XP level 1. HP: 19/19 MP: 0/0
   281 | D:1      | Reached XP level 2. HP: 27/27 MP: 1/1
   712 | D:1      | Reached XP level 3. HP: 33/33 MP: 2/2
  1359 | D:2      | Reached XP level 4. HP: 12/41 MP: 3/3
  1740 | D:2      | Found a snail-covered altar of Cheibriados.
  1966 | D:3      | Noticed Natasha
  1972 | D:3      | Noticed Robin
  1973 | D:3      | Killed Natasha
  1974 | D:3      | Reached XP level 5. HP: 21/47 MP: 4/4
  1984 | D:3      | Noticed Natasha
  1985 | D:3      | HP: 1/47 [goblin/+0 dagger[Robin] (2)]
  1990 | D:3      | Slain by a goblin

Illustrated notes

Levels and vault maps discovered:
D:1:      dpeg_arrival_rooms_c, layout_basic, columned_hall_lemuel
D:2:      layout_loops_cross, basic_altar, hangedman_decor_riveting
D:3:      layout_basic, mainiacjoe_overflow_alcove_4,
          hellmonk_ecumenical_altar_leap_of_faith, uniq_ijyb, uniq_natasha,
          uniq_robin

Skill      XL: |  1  2  3  4 |
---------------+-------------+-----
Fighting       | 4 |  4.6
Armour         | 4 |  4.5
Shields        | 4 |  4.1
Axes           | 3 4 |  4.7
Throwing       | |  0.5

Action                     |  1- 3 |  4- 6 || total
---------------------------+-------+-------++-------
  Melee: War axe           |    52 |    49 ||   101
         Headbutt          |     6 |     3 ||     9
  Throw: Dart              |     5 |     2 ||     7
    Use: Scroll            |     1 |       ||     1
         Potion            |       |     1 ||     1
 Armour: Scale mail        |    16 |    32 ||    48
  Dodge: Dodged            |    23 |    22 ||    45
  Block: Buckler           |     8 |    20 ||    28
